 Dungeon Crawl Stone Soup version 0.18.1-8-gdd0e5ea (webtiles) character file.

2614 MARSONE the Protected (level 9, -3/84 HPs)
             Began as a Gargoyle Fighter on May 22, 2016.
             Was a Believer of Makhleb.
             Slain by a spiny frog (10 damage)
             ... on level 1 of the Lair of Beasts.
             The game lasted 00:33:06 (6956 turns).

MARSONE the Protected (Gargoyle Fighter)            Turns: 6956, Time: 00:33:07

Health: -3/84      AC: 24    Str: 23    XL:     9   Next: 60%
Magic:  9/9        EV:  2    Int:  9    God:    Makhleb [**....]
Gold:   331        SH: 11    Dex:  9    Spells: 0 memorised, 8 levels left

rFire  . . .     SeeInvis .     l - +3 flail (holy)
rCold  . . .     Gourm    .     (armour currently unavailable)
rNeg   + + +     Faith    .     c - +0 shield
rPois  ∞         Spirit   .     (helmet currently unavailable)
rElec  .         Dismiss  .     (cloak currently unavailable)
rCorr  .         Reflect  .     (gloves currently unavailable)
SustAt .         Harm     .     (boots currently unavailable)
MR     .....     NoTele   +     (no amulet)
Stlth  +.........               (no ring)
                                w - ring of wizardry

@: tree-form, not resistant to hostile enchantments, very unstealthy
A: negative energy resistance 1, (electricity resistance), (unbreathing),
petrification resistance, rot immunity, AC +5
a: Minor Destruction, Renounce Religion


You were on level 1 of the Lair of Beasts.
You worshipped Makhleb.
Makhleb was pleased with you.
You were very hungry.
You were a tree.
You visited 3 branches of the dungeon, and saw 10 of its levels.

You collected 331 gold pieces.

Inventory:

Hand Weapons
 a - a +0 flail
 l - a +3 flail of holy wrath (weapon)
 F - a +0 shortbow
 Q - a +0 shortbow
Missiles
 e - 216 stones (quivered)
 i - 6 tomahawks
 j - 6 poisoned needles
 q - 6 javelins of penetration
 G - 100 arrows
Armour
 b - a +0 scale mail
 c - a +0 shield (worn)
 L - a +0 chain mail (melded)
Magical Staves
 D - an uncursed staff of wizardry {unknown}
Jewellery
 m - an uncursed ring of protection from magic {unknown}
 w - a ring of wizardry (left branch)
 J - an uncursed ring of protection from fire {unknown}
Wands
 y - a wand of iceblast (13/15)
 z - a wand of polymorph (13/24)
 C - a wand of random effects (26/48)
 H - a wand of flame (28/48)
 O - a wand of acid (9/15)
 T - a wand of lightning (10/15)
Scrolls
 g - 2 scrolls of noise {unknown}
 o - 2 scrolls of teleportation {unknown}
 r - 8 scrolls of identify {unknown}
 t - 6 scrolls of remove curse {unknown}
 x - a scroll of enchant armour {unknown}
 B - 2 scrolls of fog {unknown}
 M - a scroll of amnesia {unknown}
 N - a scroll of magic mapping {unknown}
 R - a scroll of fear {unknown}
Potions
 d - a potion of might
 n - a potion of magic
 p - 2 potions of lignification
 u - a potion of resistance {unknown}
 v - a potion of brilliance {unknown}
 A - 8 potions of curing
 E - 3 potions of agility
 I - a potion of cure mutation {unknown}
 P - a potion of ambrosia {unknown}
Comestibles
 f - 8 bread rations
 h - a beef jerky
 k - 9 slices of pizza
 s - 3 meat rations


   Skills:
 + Level 6.6 Fighting
 + Level 6.6 Maces & Flails
 + Level 8.2 Armour
 + Level 8.2 Shields


You had 8 spell levels left.
You didn't know any spells.

Dungeon Overview and Level Annotations

Branches:
Dungeon (8/15)             Temple (1/1) D:4            Lair (1/8) D:8

Altars:
Ashenzari
Cheibriados
Dithmenos
Elyvilon
Fedhas
Gozag
Kikubaaqudgha
Makhleb
Nemelex Xobeh
Okawaru
Pakellas
Qazlal
Ru
Sif Muna
Vehumet
Xom
Yredelemnul
Zin
The Shining One

Annotations:
D:8 Maurice


Innate Abilities, Weirdness & Mutations

You are resistant to torment.
((Your stone body is resilient (AC +5).))
You are immune to poison.
You resist negative energy.
((You are resistant to electric shocks.))
((You can survive without breathing.))
You are immune to petrification.
You are immune to rotting.


Message History

You hit the spiny frog.
The spiny frog is severely wounded.
The river rat barely misses you.
The spiny frog stings you but does no damage.
The river rat bites you but does no damage.
The river rat bites you.
* * * LOW HITPOINT WARNING * * *
You block the spiny frog's attack.
It was a potion of curing.
You feel better. The spiny frog stings you!
* * * LOW HITPOINT WARNING * * *
You thump the river rat!
You kill the river rat!
Makhleb accepts your kill.
You feel better.
It was a potion of magic.
Magic courses through your body. The spiny frog closely misses you.
It was a potion of lignification.
You turn into a tree.
Your +0 chain mail melds into your body.
Your roots penetrate the ground.
The spiny frog stings you!
You die...

..## #..### #....
#...## #....# #
#....# #. ##....#
#.######..#<##
#...♣.....#.#
########F#..###.#
.......rr#.## ##.
##......r..### .
#...........# .#
##.#...%.(### ..
#..##.##.# ..
............#
....#.####..#


You could see a spiny frog and 3 river rats.

Vanquished Creatures
  Pikel (D:8)
  A water moccasin (D:8)
  A sky beast (D:5)
  An orc warrior (D:8)
  An ogre (D:6)
  3 phantoms
  3 centaurs
  Blork the orc (D:6)
  A giant frog (D:6)
  A wyvern zombie (D:8)
  4 scorpions
  2 howler monkeys (D:4)
  3 crimson imps
  A giant frog zombie (D:8)
  Crazy Yiuf (D:3)
  2 hounds
  2 jellies
  A giant frog skeleton (D:4)
  3 orc priests
  An orc wizard (D:4)
  3 iguanas
  2 worker ants
  A killer bee zombie (D:7)
  A hound zombie (D:4)
  A hound skeleton (D:7)
  A worker ant zombie (D:6)
  3 river rats (Lair:1)
  8 adders
  A shadow imp (D:5)
  An ooze (D:2)
  An adder skeleton (D:7)
  3 worms
  2 dart slugs
  2 giant geckos
  21 orcs
  5 giant cockroaches
  6 goblins
  7 hobgoblins
  4 jackals
  7 kobolds
  9 quokkas
  A ball python (D:7)
  9 bats
  2 giant cockroach zombies (D:5)
  A giant gecko zombie (D:6)
  3 giant newts (D:1)
  4 rats
  2 bushes (D:3)
  2 butterflies (D:5)
  4 fungi
  A plant (Lair:1)
152 creatures vanquished.

Vanquished Creatures (others)
  A howler monkey (D:8)
  A hound (D:8)
  2 orc wizards (D:8)
  A killer bee zombie (D:8)
  3 orcs (D:8)
  3 jackals (D:8)
  3 fungi
14 creatures vanquished.

Grand Total: 166 creatures vanquished

Notes
Turn   | Place    | Note
--------------------------------------------------------------
     0 | D:1      | MARSONE the Gargoyle Fighter began the quest for the Orb.
     0 | D:1      | Reached XP level 1. HP: 14/14 MP: 1/1
   135 | D:1      | Reached XP level 2. HP: 19/19 MP: 2/2
   800 | D:2      | Reached XP level 3. HP: 23/24 MP: 3/3
  1111 | D:2      | Reached XP level 4. HP: 22/29 MP: 4/4
  2016 | D:3      | Reached XP level 5. HP: 33/33 MP: 5/5
  2385 | D:3      | Noticed Crazy Yiuf
  2394 | D:3      | Killed Crazy Yiuf
  2544 | D:4      | Found a staircase to the Ecumenical Temple.
  2569 | Temple   | Entered the Ecumenical Temple
  2728 | Temple   | Became a worshipper of Makhleb the Destroyer
  2808 | D:4      | Reached XP level 6. HP: 29/38 MP: 6/6
  2837 | D:4      | Reached skill level 5 in Armour
  2837 | D:4      | Reached skill level 5 in Shields
  3534 | D:4      | Noticed a phantom
  3562 | D:4      | Killed a phantom
  3562 | D:4      | Reached XP level 7. HP: 37/44 MP: 7/7
  3674 | D:4      | Found a blossoming altar of Fedhas.
  3992 | D:5      | Entered Level 5 of the Dungeon
  4006 | D:5      | Reached * piety under Makhleb
  4123 | D:5      | Found a shimmering altar of Xom.
  4284 | D:5      | Found a glowing silver altar of Zin.
  4284 | D:5      | Found a sparkling altar of Nemelex Xobeh.
  4552 | D:5      | Reached XP level 8. HP: 33/48 MP: 8/8
  4946 | D:6      | Reached skill level 5 in Fighting
  5069 | D:6      | Noticed Blork the orc
  5081 | D:6      | Killed Blork the orc
  5154 | D:6      | Reached skill level 5 in Maces & Flails
  5255 | D:6      | Found an opulent altar of Gozag.
  5257 | D:6      | Found a deep blue altar of Sif Muna.
  5706 | D:7      | Reached ** piety under Makhleb
  6218 | D:7      | Reached XP level 9. HP: 55/55 MP: 9/9
  6374 | D:8      | Noticed Pikel
  6391 | D:8      | Killed Pikel
  6616 | D:8      | Found a radiant altar of Vehumet.
  6671 | D:8      | Noticed Maurice
  6900 | D:8      | Found a staircase to the Lair.
  6910 | Lair:1   | Entered Level 1 of the Lair of Beasts
  6940 | Lair:1   | Noticed a spiny frog
  6952 | Lair:1   | HP: 2/56 [spiny frog (14)]
  6956 | Lair:1   | Slain by a spiny frog

Skill      XL: |  1  2  3  4  5  6  7  8  9 |
---------------+----------------------------+-----
Armour         | 4 5 6 7 8 |  8.2
Shields        | 4 5 6 7 8 |  8.2
Fighting       | 4 5 6 |  6.6
Maces & Flails | 3 4 5 6 |  6.6

Action                   |  1- 3 |  4- 6 |  7- 9 || total
-------------------------+-------+-------+-------++-------
Melee: Flail             |   124 |   355 |   389 ||   868
Throw: Throwing net      |       |     1 |       ||     1
       Stone             |       |     5 |     6 ||    11
  Use: Potion            |       |     2 |     4 ||     6
  Eat: Chunk             |     1 |     9 |     5 ||    15
       Meat ration       |       |       |     1 ||     1
Armor: Scale mail        |    70 |   125 |    60 ||   255
       Chain mail        |       |       |    95 ||    95
Dodge: Dodged            |    40 |    75 |    88 ||   203
Block: Shield            |    65 |   109 |   164 ||   338
